 Dungeon Crawl Stone Soup version 0.27-a0-1281-ge233d83751 (webtiles) character file.

Game seed: 17595238246111146189

5389 Delamore the Slinger (level 10, -2/74 HPs)
             Began as a Formicid Hunter on June 14, 2021.
             Was an Initiate of Gozag.
             Slain by a hornet (14 damage)
             ... on level 7 of the Dungeon.
             The game lasted 00:13:07 (8478 turns).

Delamore the Slinger (Formicid Hunter)              Turns: 8478, Time: 00:13:07

Health: -2/74      AC:  7    Str: 20    XL:     10   Next: 98%
Magic:  10/10      EV: 12    Int: 17    God:    Gozag
Gold:   701        SH:  0    Dex: 11    Spells: 9/9 levels left

rFire    . . .     SeeInvis +   a - +2 hunting sling
rCold    . . .     Faith    .   (no shield)
rNeg     + . .     Spirit   .   c - +1 leather armour
rPois    .         Reflect  .   (helmet unavailable)
rElec    .         Harm     .   v - +2 cloak
rCorr    .         Rampage  .   (no gloves)
Will     +....                  (no boots)
Stlth    ++++......             y - amulet of regeneration
HPRegen  1.22/turn              e - ring of positive energy
MPRegen  0.12/turn              q - +6 ring of intelligence

@: gold aura
A: permanent stasis, dig shafts and tunnels, antennae 3, four strong arms
a: Dig, Shaft Self, Renounce Religion, Potion Petition, Call Merchant, Bribe
Branch


You were on level 7 of the Dungeon.
You worshipped Gozag.
Gozag was pleased with you.
You visited 2 branches of the dungeon, and saw 8 of its levels.

You collected 985 gold pieces.
You spent 198 gold pieces at shops.
You paid 86 gold pieces to Gozag.

Inventory:

Hand Weapons
 a - a +2 hunting sling (weapon)
 b - a +0 short sword
 H - a +2 whip of flaming
Missiles
 i - 133 stones (quivered ammo)
 k - 77 bolts
 r - 6 boomerangs
 E - 27 poisoned darts
 F - 8 atropa-tipped darts
 I - 4 javelins
Armour
 c - a +1 leather armour (worn)
 v - a +2 cloak (worn)
 C - a +0 tower shield
Jewellery
 e - a ring of positive energy (left hand)
 j - an amulet of guardian spirit
 m - a ring of see invisible
 q - a +6 ring of intelligence (right hand)
 y - an amulet of regeneration (around neck)
 B - a ring of flight
 G - a ring of resist corrosion
Wands
 f - a wand of digging (6)
 A - a wand of paralysis (6)
Scrolls
 n - a scroll of fog
 p - a scroll of fear
 s - 3 scrolls of enchant weapon
 t - a scroll of enchant armour
 w - 4 scrolls of identify
 z - a scroll of immolation
 D - a scroll of blinking {unknown}
Potions
 d - a potion of mutation
 g - 2 potions of attraction
 h - a potion of lignification
 l - 2 potions of curing
 o - 3 potions of heal wounds
 u - 2 potions of brilliance {unknown}
 x - 2 potions of berserk rage


   Skills:
 - Level 5.0 Fighting
 - Level 12.0(12.7) Slings
 - Level 6.9(10.0) Throwing
 + Level 1.5 Armour
 + Level 2.3 Dodging
 - Level 10.0 Stealth
 + Level 1.6 Shields


You had 9 spell levels left.
You didn't know any spells.
Your spell library was empty.

Dungeon Overview and Level Annotations

Branches:
Dungeon (7/15)             Temple (1/1) D:5

Altars:
Ashenzari
Dithmenos
Fedhas
Gozag
Kikubaaqudgha
Makhleb
Okawaru
Sif Muna
Trog
Uskayaw
Vehumet
Xom
Yredelemnul
Zin
The Shining One

Shops:
D:2 *   D:3 *   D:4 ?[[


Innate Abilities, Weirdness & Mutations

You cannot be hasted, slowed, berserked, paralysed or teleported.
You can dig through walls and to a lower floor.
You have a pair of large antennae on your head. (SInv)
Your four strong arms can wield two-handed weapons with a shield.


Message History

The gnoll shouts!
The gnoll is no longer distracted by gold.
The gnoll barely misses you.
The hornet stings you but does no damage.
You shoot a stone. The stone hits the hornet.
The hornet is moderately wounded.
The hornet stings you but does no damage.
The gnoll closely misses you.
You shoot a stone. The stone completely misses the hornet.
The hornet stings you!
Your stasis prevents you from being slowed.
You shoot a stone. The stone misses the hornet.
The gnoll misses you. The hornet stings you!
You are poisoned.
Your stasis prevents you from being slowed.
You shoot a stone. The stone hits the hornet.
The hornet is moderately wounded.
You feel sick.
You shoot a stone. The stone closely misses the hornet.
You feel sick. The hornet completely misses you.
The gnoll hits you from afar with a +0 halberd!
You shoot a stone. The stone misses the hornet.
You feel sick. The hornet stings you.
Your stasis prevents you from being slowed.
The gnoll is distracted by your dazzling golden aura.
The gnoll closely misses you.
You are too injured to fight recklessly!
You feel sick. The hornet closely misses you. The hornet stings you!
* * * LOW HITPOINT WARNING * * *
You are more poisoned.
Your stasis prevents you from being slowed.
You feel very sick.
You feel very sick. The hornet stings you!
* * * LOW HITPOINT WARNING * * *
You are lethally poisoned!
Your stasis prevents you from being paralysed.
You feel better. The hornet stings you!
You die...
Your body crumbles into a pile of gold.

####.#.....#..##....#....^..##..#
###.#.)...#......# #.#.#.......#
#......#.....#..##(#......##...#
##.###.............(###.##.##...)
.....).[....###.((.# #.##.##....
#...#).)#...#.g(##.# #........#.
.#...#...#.[#.#g.#.# ####.#####.
..#...#...#.#g#.y#.#######)# #.
.#...#...#..#g#.@#.........#####.
#...#...#...#g#..#............##.
............#.#........#+++##.###
..#...#...#.#.##.##....# $ #
.#...#...#..#. #.##....# .###
#)..#...#...# #.##....#≈ ....
.#..(#...#..# #.#######≈.≈# ####
..#...#...#.# #.# #≈.≈#
............# #.. #≈.≈#


You could see a hornet and 2 gnolls.

Vanquished Creatures
  A two-headed ogre (D:7)
  Pikel (D:7)
  A cyclops (D:7)
  A kobold demonologist (D:7)
  Prince Ribbit (D:6)
  A wraith (D:7)
  A wyvern (D:7)
  Menkaure (D:7)
  3 water moccasins
  An ice beast (D:5)
  5 black bears
  2 sky beasts
  4 necrophages
  3 ogres
  A centaur (D:7)
  A phantom (D:6)
  3 lemures (D:7)
  A kobold brigand (D:7)
  3 scorpions
  2 water moccasin zombies
  A water moccasin skeleton (D:3)
  A killer bee (D:7)
  A howler monkey (D:6)
  2 bullfrog zombies
  A centaur zombie (D:5)
  A jelly (D:5)
  2 bullfrog skeletons (D:7)
  A gnoll shaman (D:4)
  2 orc priests
  Crazy Yiuf (D:4)
  An orc wizard (D:6)
  A scorpion zombie (D:5)
  A killer bee zombie (D:6)
  Robin (D:4)
  5 gnolls
  8 adders
  3 shadow imps
  5 white imps
  2 ufetubi (D:4)
  A worm (D:3)
  A dart slug (D:4)
  26 orcs
  5 ball pythons
  9 endoplasms
  2 giant cockroaches
  16 goblins
  12 hobgoblins
  7 jackals
  3 quokkas (D:3)
  11 bats
  4 frilled lizards
  15 kobolds
  8 rats
  A butterfly (D:5)
198 creatures vanquished.

Notes
Turn   | Place    | Note
-------+----------+-------------------------------------------
     0 | D:1      | Delamore the Formicid Hunter began the quest for the Orb.
     0 | D:1      | Reached XP level 1. HP: 16/16 MP: 1/1
   108 | D:1      | Reached XP level 2. HP: 23/23 MP: 2/2
   263 | D:1      | Reached skill level 5 in Slings
   278 | D:1      | Reached XP level 3. HP: 28/28 MP: 3/3
   976 | D:2      | Found Xutruasi's Assorted Antiques.
   984 | D:2      | Bought a scroll labelled VADEIK VOIFEI for 18 gold pieces
   984 | D:2      | Bought a scroll labelled CAPAWN RUIPHU for 18 gold pieces
   984 | D:2      | Bought a scroll labelled UKECRI POUTOAX for 18 gold pieces
   987 | D:2      | Bought a scroll labelled YTEIFY BESCHAASSUNN for 18 gold
                  | pieces
  1102 | D:2      | Reached XP level 4. HP: 35/35 MP: 4/4
  1371 | D:3      | Found Yroggionk's Assorted Antiques.
  1432 | D:3      | Found a shimmering altar of Xom.
  1437 | D:3      | Noticed an angel
  1441 | D:3      | Found a glowing silver altar of Zin.
  1770 | D:3      | Reached skill level 6 in Slings
  1770 | D:3      | Reached XP level 5. HP: 42/42 MP: 5/5
  2060 | D:4      | Found Isue's Magic Scroll Boutique.
  2060 | D:4      | Noticed a black bear
  2257 | D:4      | Killed a black bear
  2258 | D:4      | Reached XP level 6. HP: 45/48 MP: 4/6
  2305 | D:4      | Reached skill level 7 in Slings
  2331 | D:4      | Found a blossoming altar of Fedhas.
  2331 | D:4      | Found Fantozy's Antique Armour Emporium.
  2443 | D:4      | Found Musacw's Antique Armour Shop.
  2453 | D:4      | Noticed a necrophage
  2467 | D:4      | Killed a necrophage
  2468 | D:4      | Reached XP level 7. HP: 45/55 MP: 5/7
  2592 | D:4      | Bought a scroll of fear for 35 gold pieces
  2687 | D:4      | Reached skill level 5 in Fighting
  2687 | D:4      | Reached skill level 8 in Slings
  2723 | D:4      | Noticed Robin
  2742 | D:4      | Killed Robin
  3080 | D:4      | Found a runed translucent door.
  3081 | D:4      | Noticed Crazy Yiuf
  3116 | D:4      | Found a broken altar of Ashenzari.
  3120 | D:4      | Saw a vision of the Shoals and the Snake Pit.
  3120 | D:4      | Noticed a naga mage
  3120 | D:4      | Noticed a naga ritualist
  3120 | D:4      | Noticed a wind drake
  3120 | D:4      | Noticed a merfolk
  3120 | D:4      | Noticed a wind drake
  3120 | D:4      | Noticed a merfolk
  3120 | D:4      | Noticed a sea snake
  3120 | D:4      | Noticed a naga
  3120 | D:4      | Noticed a black mamba
  3120 | D:4      | Noticed a black mamba
  3121 | D:4      | Noticed a black mamba
  3431 | D:4      | Killed Crazy Yiuf
  3627 | D:5      | Entered Level 5 of the Dungeon
  3766 | D:5      | Reached skill level 9 in Slings
  3766 | D:5      | Reached XP level 8. HP: 61/62 MP: 8/8
  3977 | D:5      | Reached skill level 10 in Slings
  4083 | D:5      | Found a shadowy altar of Dithmenos.
  4291 | D:5      | Found a staircase to the Ecumenical Temple.
  4316 | Temple   | Entered the Ecumenical Temple
  4381 | Temple   | Became a worshipper of Gozag Ym Sagoz the Greedy
  4511 | D:5      | Reached skill level 11 in Slings
  4882 | D:3      | Bought a dark potion for 23 gold pieces
  4882 | D:3      | Bought 2 scrolls labelled ILYENKONGO for 52 gold pieces
  4899 | D:2      | Bought a sapphire potion for 16 gold pieces
  4974 | D:6      | Reached XP level 9. HP: 67/68 MP: 9/9
  5218 | D:6      | Found a hide-covered altar of Uskayaw.
  5360 | D:6      | Noticed Prince Ribbit
  5377 | D:6      | Killed Prince Ribbit
  5378 | D:6      | Reached skill level 12 in Slings
  5378 | D:6      | Reached skill level 1 in Throwing
  6724 | D:7      | Reached skill level 5 in Stealth
  6842 | D:7      | Noticed a two-headed ogre
  7205 | D:7      | Reached XP level 10. HP: 50/74 MP: 5/10
  7316 | D:7      | Reached skill level 5 in Throwing
  7382 | D:7      | Noticed Menkaure
  7390 | D:7      | Killed Menkaure
  7593 | D:7      | Noticed a kobold demonologist
  7604 | D:7      | Noticed a soul eater
  7615 | D:7      | Noticed an ice devil
  7751 | D:7      | Killed a kobold demonologist
  7877 | D:7      | Noticed a cyclops
  7895 | D:7      | HP: 3/74 [cyclops/large rock (35)]
  7900 | D:7      | Killed a cyclops
  8020 | D:7      | Killed a two-headed ogre
  8224 | D:7      | Noticed Pikel
  8290 | D:7      | Killed Pikel
  8291 | D:7      | Reached skill level 10 in Stealth
  8291 | D:7      | Reached skill level 1 in Armour
  8291 | D:7      | Reached skill level 1 in Shields
  8478 | D:7      | Slain by a hornet

Illustrated notes

Levels and vault maps discovered:
D:1:      lemuel_arrival_cross, layout_basic
D:2:      layout_loops_ring, serial_shops, nicolae_shop_waterfront
D:3:      layout_basic, grunt_temple_overflow_order_and_chaos_1, serial_shops,
          shop, palyth_stone_intersect, grunt_ministairs_14, grunt_decor_clamped
D:4:      layout_gridville, grunt_ashenzari_visionary
          [grunt_ashenzari_visionary_shoals, grunt_ashenzari_visionary_snake],
          general_overflow_altar, serial_shops, shop, nicolae_shop_trees,
          shop_coins, grunt_ministairs_10, nrook_campfire,
          kennysheep_generic_room_2, uniq_crazy_yiuf_cottage, uniq_robin
D:5:      layout_loops_ring, kennysheep_mini, minmay_temple_entry_butterflies,
          nrook_pool_corridor
D:6:      layout_basic, lemuel_tele_altar, minmay_misc_feat_tower,
          minmay_misc_feat_tiny, uniq_prince_ribbit1
D:7:      cheibrodos_fzero, layout_basic, kennysheep_cross_bottleneck,
          uniq_pikel, uniq_menkaure
Temple:   jpeg_temple_island

Skill      XL: |  1  2  3  4  5  6  7  8  9 10 |
---------------+-------------------------------+-----
Slings         | 5 6 7 9 11 12 | 12.0
Fighting       | 3 4 5 |  5.0
Throwing       | 4 6 |  6.9
Stealth        | 6 10 | 10.0
Armour         | 1 |  1.5
Dodging        | 2 |  2.3
Shields        | 1 |  1.6

Action                   |  1- 3 |  4- 6 |  7- 9 | 10-12 || total
-------------------------+-------+-------+-------+-------++-------
Melee: Hunting sling     |       |       |     1 |       ||     1
 Fire: Hunting sling     |    76 |   158 |   369 |   225 ||   828
Throw: Dart              |     4 |    13 |   114 |    29 ||   160
       Boomerang         |       |       |       |    23 ||    23
 Abil: Dig               |       |       |     1 |       ||     1
  Use: Scroll            |     5 |     3 |     6 |       ||    14
       Potion            |       |       |       |     1 ||     1
Armor: Leather armour    |     6 |    12 |    66 |    33 ||   117
Dodge: Dodged            |    12 |    35 |    76 |    64 ||   187

Table legend: (Time is in decaauts)
 A = Elapsed time spent in this place.
 B = Non-inter-level travel time spent in this place.
 C = Inter-level travel time spent in this place.
 D = Time resting spent in this place.
 E = Time spent auto-exploring this place.
 F = Levels seen in this place.
 G = Mean time per level.
                   A        B        C        D        E       F      G
               +--------+--------+--------+--------+--------+-----+--------+
         Total |   8205 |   7497 |    708 |    552 |   5599 |   8 | 1025.6 |
       Dungeon |   8118 |   7427 |    691 |    552 |   5547 |   7 | 1159.7 |
        Temple |     86 |     69 |     17 |      0 |     52 |   1 |   86.0 |
               +--------+--------+--------+--------+--------+-----+--------+

Top non-repeatable levels by time:
     D:6: 1937 daAuts
     D:4: 1487 daAuts
     D:7: 1276 daAuts
     D:5: 1202 daAuts
     D:3: 832 daAuts
     D:2: 784 daAuts
     D:1: 596 daAuts
  Temple: 86 daAuts
